AoeStats
← 恆浪蕩

Nomad

509830542Analyzed
4v4 RM · 3d ago on Sep 28, 2026· 28m 13s· 8 players
Game mode
Random Map
Map size
231×231
Population
200
Speed
Normal
Resources
Standard
Victory
Conquest
Starting age
Dark Age
Ending age
Imperial Age
RankedLock teamsTeams togetherTeam positionsShared explorationLock speedFull tech treeHidden civsTurbo modeCheats
Victory
Defeat
🇦🇷 Danes · Argentina
1626
+10
🇹🇼 Teutons · Taiwan
1611
+10
🇹🇼 Spanish · Taiwan
1558
+12
🇹🇼 Dravidians · Taiwan
1496
+15
🇺🇸 Tatars · United States
1574
-15
🇨🇳 Vikings · China
1474
-12
🇹🇼 Varangians · Taiwan
1424
-10
🇦🇺 Britons · Australia
1419
-10
GirlWonder_
3:58 Loom
11:33 Feudal Age
12:06 Town Watch
12:07 Double-Bit Axe
18:59 Wheelbarrow
22:22 Castle Age
Vinkz
11:44 Loom
13:29 Feudal Age
18:37 Castle Age
17:06 Double-Bit Axe
17:53 Horse Collar
20:39 Fletching
25:50 Wheelbarrow
25:27 Bow Saw
chenst2020
5:52 Loom
15:32 Feudal Age
19:30 Castle Age
17:36 Fishing Lines
17:50 Fletching
18:38 Gold Mining
18:57 Double-Bit Axe
eddy1343712
5:31 Loom
5:54 Loom
14:51 Feudal Age
20:13 Castle Age
20:04 Double-Bit Axe
21:14 Bow Saw
默默默默默
11:53 Loom
14:39 Feudal Age
15:37 Town Watch
15:36 Fishing Lines
15:53 Double-Bit Axe
18:25 Castle Age
17:18 Arson
17:34 Scale Mail Armor
17:48 Gold Mining
19:55 Chain Mail Armor
20:04 Bow Saw
24:00 Wheelbarrow
26:32 Squires
恆浪蕩
5:46 Loom
13:56 Feudal Age
17:44 Castle Age
18:16 Forging
27:06 Man-at-Arms
27:47 Squires
27:32 Gambesons
28:04 Double-Bit Axe
friend00792
11:17 Feudal Age
11:47 Double-Bit Axe
17:14 Loom
19:34 Castle Age
17:51 Fishing Lines
19:27 Stone Mining
21:09 Bow Saw
20:49 Town Watch
25:21 Wheelbarrow
Mashirou
5:00 Loom
12:23 Feudal Age
14:39 Town Watch
15:45 Double-Bit Axe
17:49 Wheelbarrow
20:54 Gold Mining
21:25 Fletching
26:50 Castle Age
25:41 Horse Collar
28:45 Bow Saw
28:37 Heavy Plow
Connection lost

Rejoining the realm…

Still unreachable

The connection could not be restored.

Session expired

The server has moved on; the page needs a fresh start.